 Dungeon Crawl Stone Soup version 0.31-a0-121-g1e386dd289 (webtiles) character file.

Game seed: 2993476060333910061

274 cowhearter the Cudgeller (level 6, -1/38 HPs)
             Began as a Gargoyle Monk on June 1, 2023.
             Slain by an iguana (8 damage)
             ... on level 4 of the Dungeon.
             The game lasted 00:07:30 (2779 turns).

cowhearter the Cudgeller (Gargoyle Monk)            Turns: 2779, Time: 00:07:31

Health: -1/38      AC: 15    Str: 16    XL:     6   Next: 24%
Magic:  6/6        EV:  8    Int: 17    God:
Gold:   88         SH:  0    Dex: 12    Spells: 5/5 levels left

rFire   . . .        n - +0 hammer
rCold   + . .        d - orb {light}
rNeg    + . .        i - +0 chain mail
rPois   ∞            (no helmet)
rElec   +            p - +1 cloak
rCorr   .            (no gloves)
SInv    .            (no boots)
Will    .....        (no amulet) Stlth
                     e - +6 ring of intelligence
HPRegen 0.26/turn    g - ring of protection from cold
MPRegen 0.10/turn

%: no passive effects
@: glowing
A: sickness immunity, AC +4, negative energy resistance 1, electricity
resistance, torment resistance 1, petrification resistance
a: no special abilities


You were on level 4 of the Dungeon.
You visited 1 branch of the dungeon, and saw 4 of its levels.

You collected 88 gold pieces.

Inventory:

Hand Weapons
 a - a +0 mace
 n - a +0 hammer (weapon)
 o - a +3 quarterstaff of chaos
 t - a +0 dire flail
Armour
 b - a +0 robe
 d - an orb of light (worn)
 f - a +0 ring mail
 i - a +0 chain mail (worn)
 p - a +1 cloak (worn)
Jewellery
 e - a +6 ring of intelligence (left hand)
 g - a ring of protection from cold (right hand)
 k - a ring of fire
 u - a ring of fire
Wands
 r - a wand of flame (5)
Scrolls
 c - 2 scrolls of blinking {unknown}
 h - a scroll of poison {unknown}
 j - 3 scrolls of identify {unknown}
 q - a scroll of teleportation {unknown}
Potions
 l - a potion of lignification {unknown}
 s - a potion of mutation {unknown}
 v - a potion of invisibility {unknown}
 w - a potion of curing {unknown}


   Skills:
 + Level 3.9 Fighting
 * Level 5.7 Maces & Flails
 + Level 2.4 Armour
 + Level 2.7 Dodging


You had 5 spell levels left.
You didn't know any spells.
Your spell library contained the following spells:

 Spells                   Type           Power      Damage    Failure   Level
 Lesser Beckoning         Tloc           0%         N/A       99%         2
 Gell's Gravitas          Tloc           0%         N/A       100%        3
 Teleport Other           Tloc           0%         N/A       100%        3


Dungeon Overview and Level Annotations

Branches:
Dungeon (4/15)
 Temple: D:4-7

Altars:

Shops:
D:3 :


Innate Abilities, Weirdness & Mutations

You are immune to sickness and miasma.
Your stone body is resilient. (AC +4)
You are immune to poison.
You resist negative energy. (rN+)
You are resistant to electric shocks. (rElec)
You are resistant to unholy torment.
You are immune to petrification.


Message History

The river rat bites you. The river rat barely misses you.
The shadow imp gestures at you. Pain shoots through your body!
Eustachio mumbles some strange words.
Eustachio blinks!
The iguana bites you.
The ufetubus hits you but does no damage.
The ufetubus barely misses you.
You hit the shadow imp.
The shadow imp is moderately wounded.
The river rat barely misses you. The river rat bites you.
The ufetubus hits you but does no damage. x2
The shadow imp hits you but does no damage.
The iguana bites you but does no damage.
The shadow imp attacks as you move away!
The shadow imp hits you but does no damage.
The ufetubus attacks as you move away!
The ufetubus hits you but does no damage. x2
Eustachio hits you but does no damage. The ufetubus hits you.
The ufetubus closely misses you.
You sock Eustachio!
You kill Eustachio!
The bat disappears in a puff of smoke!
The shadow imp disappears in a puff of smoke!
The ufetubus disappears in a puff of smoke!
The river rat disappears in a puff of smoke! x2
Your Armour skill increases to level 2!
You have reached level 6!
You hit the iguana but do no damage.
The iguana is moderately wounded.
You hear the slow rusting of a distant drain.
The iguana bites you.
* * * LOW HITPOINT WARNING * * *
You sock the iguana!
The iguana is almost dead.
The iguana bites you.
* * * LOW HITPOINT WARNING * * *
You hit the iguana but do no damage.
The iguana is almost dead.
The iguana bites you!
You die...

.#....#......#
.###..##....#########...
...#..##....#...........
...#........#...........
...#........#.........
...#..#######.........
...#'###....#......#
...'...#....#......#
...#...+....#...@..#
...#..##...##...l).#
...#..##...#.......#
...#.......#.......#
...#.......#.......#
...#..##...#.......#
...#..##†..#.......# .
#.......#.......# ..
+.......'.......#


You could see an iguana.

Vanquished Creatures
  Eustachio (D:4)
  Crazy Yiuf (D:2)
  Robin (D:2)
  2 adders
  A dart slug (D:3)
  2 endoplasms
  4 giant cockroaches
  13 hobgoblins
  3 jackals (D:1)
  2 quokkas
  5 ball pythons
  4 bats
  4 frilled lizards
  15 goblins
  11 kobolds
  4 rats
73 creatures vanquished.

Notes
Turn   | Place    | Note
-------+----------+-------------------------------------------
     0 | D:1      | cowhearter the Gargoyle Monk began the quest for the Orb.
     0 | D:1      | Reached XP level 1. HP: 14/14 MP: 1/1
   124 | D:1      | Reached XP level 2. HP: 19/19 MP: 2/2
   401 | D:1      | Reached XP level 3. HP: 22/23 MP: 3/3
  1055 | D:2      | Reached skill level 1 in Armour
  1061 | D:2      | Reached skill level 4 in Maces & Flails
  1212 | D:2      | Found a runed translucent door.
  1222 | D:2      | Noticed Crazy Yiuf
  1230 | D:2      | Killed Crazy Yiuf
  1231 | D:2      | Reached XP level 4. HP: 29/29 MP: 4/4
  1326 | D:2      | Noticed Robin
  1364 | D:2      | Killed Robin
  1867 | D:3      | Reached XP level 5. HP: 29/33 MP: 5/5
  1946 | D:3      | Found Ecoxabre's Book Boutique.
  2137 | D:3      | Reached skill level 5 in Maces & Flails
  2256 | D:3      | Found a faded altar of an unknown god.
  2714 | D:4      | Noticed Eustachio
  2776 | D:4      | Killed Eustachio
  2777 | D:4      | Reached XP level 6. HP: 12/38 MP: 6/6
  2779 | D:4      | Slain by an iguana

Illustrated notes

Levels and vault maps discovered:
D:1:      evilmike_arrival_fibonacci_small, layout_basic,
          hangedman_abyss_or_decor_stabs
D:2:      layout_loops_ring, uniq_crazy_yiuf_cottage, uniq_robin
D:3:      layout_loops_corners, ebering_ecumenical_altar_sacrificial,
          serial_shops, nicolae_shop_peninsula
D:4:      layout_gridville, cheibrodos_sewer_entry_drain, uniq_eustachio

Skill      XL: |  1  2  3  4  5 |
---------------+----------------+-----
Armour         | 1 2 |  2.4
Maces & Flails | 4 5 |  5.7
Fighting       | |  3.9
Dodging        | |  2.7

Action                     |  1- 3 |  4- 6 || total
---------------------------+-------+-------++-------
  Melee: Mace              |   105 |   104 ||   209
    Use: Potion            |       |     2 ||     2
 Armour: Robe              |     7 |       ||     7
         Ring mail         |     7 |       ||     7
         Chain mail        |    44 |   155 ||   199
  Dodge: Dodged            |    48 |   101 ||   149

Table legend: (Time is in decaauts)
 A = Elapsed time spent in this place.
 B = Non-inter-level travel time spent in this place.
 C = Inter-level travel time spent in this place.
 D = Time resting spent in this place.
 E = Time spent auto-exploring this place.
 F = Levels seen in this place.
 G = Mean time per level.
                   A        B        C        D        E       F      G
               +--------+--------+--------+--------+--------+-----+--------+
         Total |   2822 |   2668 |    154 |     21 |   1967 |   4 |  705.5 |
       Dungeon |   2822 |   2668 |    154 |     21 |   1967 |   4 |  705.5 |
               +--------+--------+--------+--------+--------+-----+--------+

Top non-repeatable levels by time:
     D:2: 969 daAuts
     D:3: 960 daAuts
     D:1: 739 daAuts
     D:4: 153 daAuts
